 Dungeon Crawl Stone Soup version 0.31-a0-229-g1fc7ce93e2 (webtiles) character file.

Game seed: 4186276021761271045

1432 qw the Skirmisher (level 8, -3/70 HPs)
             Began as a Minotaur Hexslinger on July 6, 2023.
             Slain by a killer bee (4 damage)
             ... on level 6 of the Dungeon.
             The game lasted 00:01:53 (4428 turns).

qw the Skirmisher (Minotaur Hexslinger)             Turns: 4428, Time: 00:01:54

Health: -3/70      AC:  7    Str: 13    XL:     8   Next: 45%
Magic:  8/8        EV: 11    Int: 10    God:
Gold:   294        SH:  0    Dex: 15    Spells: 8/9 levels left

rFire   + . .        Y - +2 sling (drain)
rCold   + . .        (no shield)
rNeg    . . .        n - +0 ring mail
rPois   .            (helmet restricted)
rElec   .            q - scarf {rC+ rF+}
rCorr   .            e - +1 pair of gloves
SInv    .            (no boots)
Will    .....        f - amulet of faith
Stlth   +            (no ring)
HPRegen 0.31/turn    (no ring)
MPRegen 0.11/turn

%: faith
@: lethally poisoned (-3 -> -13), about to teleport
A: horns 2, retaliatory headbutt
a: no special abilities


You were on level 6 of the Dungeon.
You visited 1 branch of the dungeon, and saw 6 of its levels.

You collected 294 gold pieces.


Innate Abilities, Weirdness & Mutations

You have a pair of horns on your head.
You reflexively headbutt those who attack you in melee.


   Skills:
 - Level 6.1 Fighting
 + Level 9.7 Ranged Weapons
 - Level 2.2 Armour
 - Level 3.0 Dodging
 - Level 1.0 Spellcasting
 - Level 2.0 Hexes


You had 8 spell levels left.
You knew the following spells:

 Your Spells              Type           Power      Damage    Failure   Level
a - Slow                  Hex            16%        N/A       32%         1

Your spell library contained the following spells:

 Spells                   Type           Power      Damage    Failure   Level
 Inner Flame              Hex/Fire       2%         N/A       82%         3
 Portal Projectile        Hex/Tloc       4%         N/A       82%         3
 Cause Fear               Hex            2%         N/A       97%         4

Inventory:

Hand Weapons
 Y - a +2 sling of draining (weapon)
Armour
 e - a +1 pair of gloves (worn)
 n - a +0 ring mail (worn)
 q - a scarf of resistance (worn)
Jewellery
 f - an amulet of faith (around neck)
Potions
 a - a potion of cancellation {unknown}
 b - a potion of enlightenment
 d - a potion of degeneration {unknown}
 g - a potion of heal wounds {unknown}
 h - a potion of brilliance {unknown}
 i - a potion of magic {unknown}
 j - a potion of might
 k - a potion of ambrosia {unknown}
 l - a potion of attraction {unknown}
 m - a potion of curing
 p - a potion of lignification {unknown}

Dungeon Overview and Level Annotations

Branches:
Dungeon (6/15)
 Temple: D:4-7

Altars:

Shops:
D:1 (   D:5 [


Message History

You kill the killer bee!
You feel sick. The killer bee barely misses you. You furiously retaliate!
You headbutt the killer bee. The killer bee stings you!
The killer bee closely misses you.
A killer bee comes into view.
The killer bee barely misses you. You furiously retaliate!
You headbutt the killer bee! You shoot a sling bullet.
The sling bullet barely misses the killer bee.
The killer bee buzzes angrily.
You feel sick. The killer bee stings you! x3
You are more poisoned.
The killer bee poisons you! The killer bee closely misses you. x2
The killer bee stings you.
You are more poisoned.
The killer bee poisons you! The killer bee stings you. x2
The killer bee closely misses you. You furiously retaliate!
You headbutt the killer bee!
The killer bee stings you but does no damage.
The killer bee closely misses you.
You shoot a sling bullet. The sling bullet misses the killer bee.
You feel very sick.
The killer bee barely misses you. x2; The killer bee stings you.
The killer bee barely misses you. You furiously retaliate!
You headbutt the killer bee. The killer bee stings you!
The killer bee barely misses you. You furiously retaliate!
You headbutt the killer bee! The killer bee stings you!
The killer bee stings you but does no damage.
4428 ||| READING scroll of teleportation.
As you read the scroll of teleportation, it crumbles to dust.
You feel strangely unstable.
You feel very sick. The killer bee stings you.
The killer bee barely misses you. You furiously retaliate!
You headbutt the killer bee. The killer bee closely misses you.
The killer bee barely misses you. The killer bee completely misses you.
You furiously retaliate!
You headbutt the killer bee.
The killer bee stings you but does no damage. x2
The killer bee stings you.
You die...

#..........##.# ..
.........
###...##..##..# #...
.........
###.#.......####....
....#....
#.....#.......#....
....#.#..
##....###........#
....##..
##.#.....#...#..# ..
.. >..
####..##....y..##...
#####...>yy......
#....@yD## ###..y###
##.## ###


You could see a steam dragon and 5 killer bees.

Vanquished Creatures
  Sigmund (D:3)
  A black bear (D:5)
  2 ogres (D:4)
  2 kobold brigands (D:6)
  A bullfrog (D:6)
  5 scorpions
  A killer bee (D:6)
  An orc priest (D:5)
  2 hounds (D:5)
  5 iguanas
  2 orc wizards
  3 gnolls (D:6)
  8 adders
  A worm (D:2)
  4 dart slugs
  13 orcs
  12 bats
  4 endoplasms
  4 giant cockroaches
  7 goblins
  2 hobgoblins
  2 quokkas (D:3)
  7 ball pythons
  2 frilled lizards
  17 kobolds
  4 rats
113 creatures vanquished.

Vanquished Creatures (others)
  An orc (D:6)
1 creature vanquished.

Grand Total: 114 creatures vanquished

Notes
Turn   | Place    | Note
-------+----------+-------------------------------------------
     0 | D:1      | qw the Minotaur Hexslinger began the quest for the Orb.
     0 | D:1      | Reached XP level 1. HP: 16/16 MP: 1/1
     0 | D:1      | 0 ||| qw: Version: 0.3-a-46-gb1f654a
     0 | D:1      | 0 ||| qw: Game counter: 1335
     0 | D:1      | 0 ||| qw: Melee chars always use a shield: true
     0 | D:1      | 0 ||| qw: God list: Okawaru
     0 | D:1      | 0 ||| qw: Allow faded altars: false
     0 | D:1      | 0 ||| qw: Do Orc after clearing Dungeon:15 true
     0 | D:1      | 0 ||| qw: Do second Lair branch before Depths: true
     0 | D:1      | 0 ||| qw: Lair rune preference: random
     0 | D:1      | 0 ||| qw: Goals: Normal
     0 | D:1      | 0 ||| PLANNING D:1-11
    31 | D:1      | 31 ||| FLEEEEING.
   172 | D:1      | Found Loxavuab's Weapon Shoppe.
   242 | D:1      | Reached skill level 3 in Ranged Weapons
   290 | D:1      | Reached XP level 2. HP: 23/23 MP: 2/2
   434 | D:1      | You fall into a shaft and drop 1 floor!
   452 | D:2      | Identified the +1 whip of the Common Good {pain, Dex-2 SInv
                  | Stlth+}
   495 | D:2      | 495 ||| UPGRADING to +1 pair of gloves.
   500 | D:2      | 500 ||| UPGRADING to +0 leather armour.
   510 | D:2      | 510 ||| DROPPING +0 robe.
   511 | D:2      | 511 ||| READING scroll labelled JAPLOD WAMEJIU.
   521 | D:2      | 521 ||| READING scroll labelled OSE CEPOFALEYRER.
   522 | D:2      | 522 ||| DROPPING scroll of poison.
   523 | D:2      | 523 ||| Stepping randomly (stuck).
   524 | D:2      | 524 ||| Stepping randomly (stuck).
   525 | D:2      | 525 ||| Stepping randomly (stuck).
   526 | D:2      | 526 ||| Stepping randomly (stuck).
   527 | D:2      | 527 ||| Stepping randomly (stuck).
   528 | D:2      | 528 ||| Stepping randomly (stuck).
   529 | D:2      | 529 ||| Stepping randomly (stuck).
   530 | D:2      | 530 ||| Stepping randomly (stuck).
   531 | D:2      | 531 ||| Stepping randomly (stuck).
   532 | D:2      | 532 ||| Stepping randomly (stuck).
   533 | D:2      | 533 ||| Stepping randomly (stuck).
   534 | D:2      | 534 ||| Stepping randomly (stuck).
   535 | D:2      | 535 ||| Stepping randomly (stuck).
   536 | D:2      | 536 ||| Stepping randomly (stuck).
   537 | D:2      | 537 ||| Stepping randomly (stuck).
   538 | D:2      | 538 ||| Stepping randomly (stuck).
   539 | D:2      | 539 ||| Stepping randomly (stuck).
   540 | D:2      | 540 ||| Stepping randomly (stuck).
   541 | D:2      | 541 ||| Stepping randomly (stuck).
   542 | D:2      | 542 ||| Stepping randomly (stuck).
   543 | D:2      | 543 ||| Stepping randomly (stuck).
   544 | D:2      | 544 ||| Stepping randomly (stuck).
   545 | D:2      | 545 ||| Stepping randomly (stuck).
   546 | D:2      | 546 ||| Stepping randomly (stuck).
   547 | D:2      | 547 ||| Stepping randomly (stuck).
   548 | D:2      | 548 ||| Stepping randomly (stuck).
   549 | D:2      | 549 ||| Stepping randomly (stuck).
   550 | D:2      | 550 ||| Stepping randomly (stuck).
   551 | D:2      | 551 ||| Stepping randomly (stuck).
   552 | D:2      | 552 ||| Stepping randomly (stuck).
   553 | D:2      | 553 ||| Stepping randomly (stuck).
   554 | D:2      | 554 ||| Stepping randomly (stuck).
   555 | D:2      | 555 ||| Stepping randomly (stuck).
   556 | D:2      | 556 ||| Stepping randomly (stuck).
   558 | D:2      | 558 ||| Stepping randomly (stuck).
   559 | D:2      | 559 ||| Stepping randomly (stuck).
   560 | D:2      | 560 ||| Stepping randomly (stuck).
   561 | D:2      | 561 ||| Stepping randomly (stuck).
   562 | D:2      | 562 ||| Stepping randomly (stuck).
   946 | D:2      | Reached XP level 3. HP: 29/29 MP: 3/3
  1042 | D:2      | Identified the +1 robe of Gaciurof {Stlth+}
  1108 | D:2      | 1108 ||| DROPPING +1 robe of Gaciurof {Stlth+}.
  1109 | D:2      | 1109 ||| READING scroll labelled ZOXTUSMOUNE.
  1135 | D:3      | 1135 ||| STAIRDANCE
  1136 | D:3      | Reached skill level 4 in Ranged Weapons
  1663 | D:3      | Noticed Sigmund
  1678 | D:3      | Killed Sigmund
  1679 | D:3      | Reached skill level 6 in Ranged Weapons
  1679 | D:3      | Reached XP level 4. HP: 29/36 MP: 4/4
  1679 | D:3      | Reached XP level 5. HP: 33/41 MP: 5/5
  1826 | D:3      | 1826 ||| UPGRADING to +0 ring mail.
  1836 | D:3      | 1836 ||| DROPPING +0 leather armour.
  1837 | D:3      | 1837 ||| READING 3 scrolls labelled MERIT NYEC SAD.
  1838 | D:3      | 1838 ||| READING scroll labelled BOKLOU BIPOACWA.
  1838 | D:3      | Identified a scroll of acquirement
  1838 | D:3      | 1838 ||| ACQUIRING amulet of faith
  1838 | D:3      | Acquired an amulet of faith
  1840 | D:3      | 1840 ||| UPGRADING to amulet of faith.
  1845 | D:3      | 1845 ||| DRINKING 2 grey potions.
  1846 | D:3      | 1846 ||| DROPPING 2 scrolls of vulnerability.
  1924 | D:4      | Reached XP level 6. HP: 45/48 MP: 6/6
  2048 | D:4      | HP: 7/48 [ogre/+0 giant club (14)]
  2049 | D:4      | 2049 ||| READING scroll of teleportation.
  2051 | D:4      | Reached skill level 3 in Fighting
  2493 | D:4      | HP: 13/52 [scorpion (4)]
  2494 | D:4      | 2494 ||| READING scroll of teleportation.
  2498 | D:4      | HP: 8/52 [poisoned by a scorpion]
  2853 | D:4      | Reached skill level 7 in Ranged Weapons
  3071 | D:4      | 3071 ||| UPGRADING to scarf of resistance.
  3076 | D:4      | 3076 ||| READING scroll labelled FIANEV CEOR.
  3077 | D:4      | 3077 ||| DRINKING 2 inky potions.
  3108 | D:5      | Entered Level 5 of the Dungeon
  3112 | D:5      | Reached XP level 7. HP: 58/59 MP: 7/7
  3113 | D:5      | 3113 ||| STAIRDANCE
  3124 | D:4      | Reached skill level 8 in Ranged Weapons
  3464 | D:5      | Found Zotzotust's Armour Shop.
  3471 | D:5      | 3471 ||| SHOPLISTING +4 Cigotuvi's embrace {Corpsefed
                  | rMiasma Drain rN+} (276 gold, have 241).
  3610 | D:5      | Reached XP level 8. HP: 68/68 MP: 8/8
  3617 | D:5      | Reached skill level 9 in Ranged Weapons
  3698 | D:5      | 3698 ||| READING scroll labelled NEOTSU WUNIB.
  3699 | D:5      | 3699 ||| READING scroll labelled WEIMNOLAFA.
  3700 | D:5      | 3700 ||| DRINKING 2 black potions.
  3727 | D:6      | 3727 ||| STAIRDANCE
  3818 | D:6      | 3818 ||| STAIRDANCE
  3931 | D:6      | 3931 ||| STAIRDANCE
  4042 | D:6      | 4042 ||| STAIRDANCE
  4048 | D:5      | Reached skill level 3 in Dodging
  4131 | D:6      | 4131 ||| Stepping ~*~*~tactically~*~*~ (outnumbered).
  4143 | D:6      | Reached skill level 6 in Fighting
  4150 | D:6      | 4150 ||| Stepping ~*~*~tactically~*~*~ (outnumbered).
  4152 | D:6      | 4152 ||| Stepping ~*~*~tactically~*~*~ (outnumbered).
  4158 | D:6      | HP: 17/70 [orc/boomerang (2)]
  4159 | D:6      | 4159 ||| READING 2 scrolls of teleportation.
  4160 | D:6      | 4160 ||| Stepping ~*~*~tactically~*~*~ (outnumbered).
  4427 | D:6      | HP: 13/70 [killer bee (8)]
  4427 | D:6      | HP: 5/70 [killer bee (8)]
  4428 | D:6      | 4428 ||| READING scroll of teleportation.
  4428 | D:6      | HP: 2/70 [poisoned by a killer bee]
  4428 | D:6      | Slain by a killer bee

Levels and vault maps discovered:
D:1:      dpeg_arrival_solitude, layout_basic, serial_shops,
          nicolae_shop_just_a_little_nook, minmay_misc_feat_secret_circle
D:2:      layout_rooms
D:3:      layout_loops_cross, uniq_sigmund
D:4:      layout_loops_corners
D:5:      layout_rooms, serial_shops, shop, roderic_batcave, grunt_ministairs_9,
          mrwooster_statue_mirror, minmay_misc_feat_enclosed
D:6:      layout_cave_pools

Skill      XL: |  1  2  3  4  5  6  7  8 |
---------------+-------------------------+-----
Ranged Weapons | 3 6 7 8 9 |  9.7
Fighting       | 2 4 5 6 |  6.1
Armour         | 2 |  2.2
Dodging        | 3 |  3.0
Spellcasting   | |  1.0
Hexes          | |  2.0

Action                     |  1- 3 |  4- 6 |  7- 9 || total
---------------------------+-------+-------+-------++-------
   Fire: Sling             |   116 |    84 |   166 ||   366
    Use: Scroll            |     3 |     5 |     4 ||    12
         Potion            |       |     2 |     1 ||     3
 Armour: Robe              |     1 |       |       ||     1
         Leather armour    |     5 |       |       ||     5
         Ring mail         |       |    16 |    54 ||    70
  Dodge: Dodged            |    21 |    31 |   108 ||   160

Table legend:
 A = Non-vault XP
 B = Vault XP
 C = Vault XP percentage of total XP
 D = Non-vault monster count
 E = Vault monster count
 F = Vault count percentage of total count
                 A         B        C        D         E       F
            +---------+---------+-------+---------+---------+-------
      Total |    1726 |     320 |  15.6 |     104 |       9 |   8.0
            +---------+---------+-------+---------+---------+-------
        D:1 |      20 |       0 |   0.0 |      12 |       0 |   0.0
        D:2 |      29 |       0 |   0.0 |      13 |       0 |   0.0
        D:3 |      42 |     231 |  84.6 |      17 |       1 |   5.6
        D:4 |     596 |       0 |   0.0 |      19 |       0 |   0.0
        D:5 |     560 |      89 |  13.7 |      23 |       8 |  25.8
        D:6 |     479 |       0 |   0.0 |      20 |       0 |   0.0
            +---------+---------+-------+---------+---------+-------
